[Event "CIS Master Groups 2024"]
[Site "Vasto"]
[Date "2024.04.11"]
[Round "5.10"]
[White "Seresin, Francesco"]
[Black "David, Alberto"]
[Result "1/2-1/2"]
[ECO "E32"]
[WhiteElo "2336"]
[BlackElo "2512"]
[Annotator "TA"]
[PlyCount "180"]
[EventDate "2024.04.07"]
[EventType "team-tourn"]
[EventCountry "ITA"]
[SourceTitle "playchess.com"]
[Source "ChessBase"]
[SourceQuality "1"]
[TimeControl "40/5400+30:900+30"]

1. d4 Nf6 2. c4 e6 3. Nc3 Bb4 4. Qc2 d6 5. Nf3 O-O 6. Bd2 b6 7. a3 Bxc3 8. Bxc3 Bb7 9. b4 Nbd7 10. e3 Ne4 11. Bb2 f5 12. Be2 Ng5 13. Nxg5 (13. d5 $11) 13... Qxg5 $15 14. Bf3 Bxf3 {[%emt 0:06:31] Black is slightly better.} 15. gxf3 Qh5 16. Qe2 c6 17. a4 d5 18. f4 Qxe2+ 19. Kxe2 dxc4 20. b5 (20. Rhc1 $1 $15) 20... Rfc8 $17 21. Rhc1 {[%emt 0:04:08] [#]} Nf6 $1 22. Rc2 ({Much weaker is} 22. Rxc4 cxb5 23. Rcc1 bxa4 24. Rxa4 a5 $19) 22... cxb5 23. axb5 {[%emt 0:00:33] [#]} a6 24. Rxa6 $11 Rxa6 25. bxa6 {[%emt 0:00:04][%mdl 4096] Endgame. KRB-KRN} b5 (25... Ra8 26. Rxc4 Rxa6 27. Rc8+ Kf7 28. Rc7+ Kg6 29. Rc6) 26. d5 $1 Nxd5 {[%emt 0:00:14] White must now prevent ...c3.} 27. Bd4 ({White should try} 27. a7 $1 $11) 27... Nb4 $15 28. Rb2 Nxa6 {[%emt 0:00:05] Hoping for ...c3.} 29. Rxb5 c3 $1 30. Kd1 c2+ 31. Kc1 Rc4 {[%emt 0:00:04] ...Nb4 is the strong threat.} 32. Rb3 Nb4 {[%emt 0:00:20] ( -> ...Na2+)} 33. Bc3 Na2+ (33... Nd3+ $15 34. Kxc2 Nxf2 35. Rb8+ Kf7 36. Rb7+ Ke8) 34. Kxc2 $11 {[%emt 0:00:11] The position is equal.} Nxc3 35. Rxc3 {[%emt 0:00:06] KR-KR} Ra4 36. Kd2 Ra1 37. Rc1 Ra2+ 38. Rc2 Ra1 39. Rc1 Ra2+ 40. Rc2 Ra7 41. Ke2 Kf7 42. Kf3 Kf6 43. Kg2 h6 44. Rc6 $1 g5 45. fxg5+ hxg5 46. h3 Ra4 47. Rb6 Rc4 48. Ra6 Ke5 49. Kf3 Rb4 50. Ra5+ Kf6 51. Ra6 Rh4 52. Kg3 $1 Rh7 53. Rb6 Rh8 54. Ra6 $1 Rc8 55. Kf3 Rc4 56. Rb6 Rc2 57. Ra6 $1 Rb2 58. Rc6 Rb5 59. Rc8 Rb7 60. Rf8+ Kg7 61. Ra8 Rd7 62. Re8 Kf7 63. Ra8 Kg7 64. Re8 Kf6 65. Rf8+ Rf7 66. Rg8 Rg7 67. Rf8+ Ke5 68. Ra8 Rh7 69. Ra5+ Kf6 70. Kg3 Rh4 71. Ra8 Rb4 72. Kf3 g4+ 73. hxg4 Rxg4 74. Rf8+ Ke5 75. Ra8 Rb4 76. Ra5+ Kf6 77. Rc5 Ra4 78. Rb5 Rh4 79. Ra5 $1 Rh3+ 80. Kg2 Rh4 81. Kf3 e5 82. Ra6+ Kg5 83. Re6 e4+ 84. Ke2 Rh2 85. Re8 Kf6 86. Rf8+ Ke6 87. Re8+ $1 Kf6 88. Rf8+ Ke6 89. Re8+ Kf6 90. Rf8+ Ke6 {[%emt 0:00:03] Weighted Error Value: White=0.09 (flawless) /Black=0.11 (very precise) .  Mistake:       	White=3     	Black=2      Inaccurate:     	---       	Black=1      OK:         	White=23    	Black=22     Best:        	White=7     	Black=6      Strong:       	White=7     	Black=2} 1/2-1/2

[Event "CIS Master Groups 2024"]
[Site "Vasto"]
[Date "2024.04.11"]
[Round "5.11"]
[White "Altini, Nicola"]
[Black "Boraso, Alessio"]
[Result "1/2-1/2"]
[ECO "D37"]
[WhiteElo "2393"]
[BlackElo "2291"]
[Annotator "TA"]
[PlyCount "74"]
[EventDate "2024.04.07"]
[EventType "team-tourn"]
[EventCountry "ITA"]
[SourceTitle "playchess.com"]
[Source "ChessBase"]
[SourceQuality "1"]
[TimeControl "40/5400+30:900+30"]

1. d4 Nf6 2. c4 e6 3. Nf3 d5 4. Nc3 Be7 5. Bf4 O-O 6. e3 Nbd7 7. c5 Ne4 8. Rc1 f5 9. h4 {[%emt 0:06:59] The position is equal.} c6 10. Bd3 b6 11. cxb6 axb6 12. a3 Nxc3 13. Rxc3 c5 14. Bb5 c4 15. Bxd7 (15. Rc1 $15) 15... Bxd7 $17 16. Bg5 b5 17. Ne5 b4 ({Black should try} 17... Be8 $17) 18. axb4 $15 Ba4 19. Qf3 (19. Qd2 $11 {feels stronger.}) 19... Bxg5 20. hxg5 Qxg5 21. O-O Qe7 22. Ra3 Qxb4 23. Rfa1 Qb5 $1 {[%emt 0:18:28] Dodges Nd7} 24. Qe2 Qe8 $2 {[%emt 0:09:52] [#]} (24... Ra6 $1 $11 {and Black stays safe.}) 25. Qd2 $2 (25. Qe1 $18) 25... Qb5 $1 $11 26. Qe2 {[%emt 0:00:20][%cal Ob2b3] Strongly threatening b3!} Qe8 $2 (26... Ra6 $11 {and Black is okay.}) 27. Qe1 $18 {[%emt 0:00:04][%mdl 1024] White has strong compensation.} Qb5 {[%emt 0:01:01][%cal Of8b8] [#] Prevents Qb4} 28. R1a2 $2 (28. Qf1 $1 $18 {[%cal Ob2b3] b3! would now be deadly.} Qe8 29. R1a2) 28... Ra6 29. Qa1 Rfa8 $36 {[%emt 0:00:04][%mdl 2048] White is under pressure.} 30. Nf3 Qc6 31. Ne5 Qb5 32. Nf3 R8a7 33. Ne5 h6 34. Kh2 Qe8 35. Qe1 (35. b3 $1 $11 Qh5+ (35... cxb3 36. Rxb3 Bxb3 37. Rxa6 $11) 36. Kg1 cxb3 37. Rxb3) 35... Qb5 36. Qa1 $1 Qe8 37. Qe1 Qb5 {[%emt 0:00:29] Weighted Error Value: White=0.22 (precise) /Black=0.27 (precise) .  Loses game:     	---       	Black=2      Missed win:     	White=2     	---        Mistake:       	White=3     	Black=2      Inaccurate:     	White=2     	Black=3      OK:         	White=12    	Black=5      Best:        	White=3     	Black=1      Strong:       	White=1     	Black=2} (37... Qb8 $15) 1/2-1/2

[Event "CIS Master Groups 2024"]
[Site "Vasto"]
[Date "2024.04.11"]
[Round "5.12"]
[White "Titze, Leo"]
[Black "Collutiis, Duilio"]
[Result "1-0"]
[ECO "B00"]
[WhiteElo "2219"]
[BlackElo "2334"]
[Annotator "TA"]
[PlyCount "87"]
[EventDate "2024.04.07"]
[EventType "team-tourn"]
[EventCountry "ITA"]
[SourceTitle "playchess.com"]
[Source "ChessBase"]
[SourceQuality "1"]
[TimeControl "40/5400+30:900+30"]

1. e4 Nc6 2. d4 d5 3. e5 f6 4. Bf4 fxe5 5. dxe5 Bf5 6. g4 $146 {[%emt 0:10:20] B00: Queen's Fianchetto Defence, Nimzowitsch Defence.} ({Predecessor:} 6. Nf3 e6 7. Bb5 Bc5 8. Nd4 Nge7 9. c3 O-O 10. Be3 Nxd4 11. cxd4 Bb4+ 12. Nc3 {½-½ Lindberg,B (2515)-Laveryd,P (2459) SWE-chT 0304 2003 (3)}) 6... Be6 7. h4 Qd7 8. Be2 g6 9. Nc3 Bg7 10. h5 Nh6 (10... Bxe5 $2 11. Bxe5 Nf6 (11... Nxe5 $2 12. Qd4 $18) 12. Nf3 $18) (10... Nxe5 11. h6 Nxh6 (11... Bf6 12. g5 $16) 12. Bxh6 Bxh6 13. Rxh6 $15) (10... g5 $17 11. Bxg5) 11. Bxh6 $1 $11 Bxh6 12. hxg6 hxg6 13. g5 Bg7 $1 14. Rxh8+ Bxh8 15. f4 O-O-O 16. Qd2 Bf5 17. Nd1 e6 (17... Bg7 $11) 18. Nf2 (18. Ne3 $14) 18... Bg7 $11 19. O-O-O Bf8 20. Bd3 Nd4 21. Ne2 Nxe2+ 22. Bxe2 Qa4 $1 23. Kb1 Bb4 24. Qc1 Rh8 ({Black should play} 24... Bc5 $1 $15 25. Ng4 Rh8) 25. Bd3 $11 Bxd3 26. Nxd3 Be7 27. Rh1 Rxh1 28. Qxh1 Qd4 (28... Qe8 $11) 29. a3 c5 30. Qf3 (30. Qh8+ $16 Kd7 31. Qb8) 30... c4 31. Nf2 $1 Qd2 32. Ng4 (32. Qh3 $1 $11 Qxf2 33. Qxe6+ Kd8 34. Qg8+ Kd7 (34... Kc7 35. Qf7 $11) 35. Qxd5+ Kc7 36. Qxc4+ Kd8 37. Qd5+ Ke8 38. Qg8+ Kd7 39. Qd5+ Ke8 40. Qg8+ Kd7 41. Qd5+ Ke8) 32... Bc5 ({Better is} 32... d4 $17 {...d3 would now be deadly.} 33. Qf1 d3 34. cxd3 c3) 33. Nf6 (33. Qf1 $1 $11) 33... Kc7 $2 {[%emt 0:01:50][%mdl 8192] [#]} (33... Qe3 $1 $15 {keeps the upper hand.} 34. Qg4 Qg1+ 35. Qxg1 Bxg1) 34. f5 $2 (34. Qg4 $1 $18 d4 35. Qxe6 Qd1+ 36. Ka2 Qxc2 37. Qf7+ (37. Nd5+ Kd8 $18) 37... Kc6 38. Qe8+ Kb6 39. Nd7+ Kb5 40. Nxc5+ Kxc5 41. Qf8+ Kb5 42. Qb4+ Kc6 43. Qd6+ Kb5 44. Qd5+ (44. Qxd4 b6 $18) 44... Ka6 45. Qxd4 Qb3+ 46. Kb1 (46. Ka1 Kb5 $18)) 34... Qxg5 (34... gxf5 35. Qh5 a6 (35... Qe1+ $2 36. Ka2 $18) 36. Qf7+ Kb6 37. Nd7+ (37. Qxe6+ Ka7 $18) 37... Kb5 38. a4+ (38. Qxe6 Be3 $18) 38... Kxa4 39. Nxc5+ Kb5 40. Nxb7 $18 (40. Nxe6 Qe1+ 41. Ka2 Qa5+ 42. Kb1 Qe1+ 43. Ka2 Qa5+ 44. Kb1 Qe1+ $11)) (34... exf5 $11 35. Qh1 (35. Nxd5+ Kb8 $11) 35... a6 (35... Qxg5 $2 36. Qh7+ Kb6 37. Nd7+ Kc6 38. Nxc5 $18) (35... Kc6 $2 36. Qh8 $16)) 35. fxe6 $16 Qxe5 {[%emt 0:00:10] [#]} 36. Nxd5+ (36. Qxd5 $2 {too greedy.} Qxd5 37. Nxd5+ Kd6 $19) (36. Nd7 $1 $16 Qe1+ 37. Ka2) 36... Kd6 $2 (36... Kb8 $11) 37. e7 $18 Kd7 {[%emt 0:00:02] [#]} 38. Qg4+ $1 Qf5 39. Qxc4 (39. Qe2 $142 Qxd5 40. e8=Q+ (40. e8=B+ Kc7 $14) 40... Kc7 41. Qb5 (41. Qxg6 a6 $18)) 39... Bxe7 $18 40. Qc7+ Ke6 41. Nxe7 Qf7 $2 (41... Qf1+ 42. Ka2 Qf7) 42. Qxb7 $18 Qxe7 43. Qxe7+ Kxe7 44. Kc1 1-0

[Event "CIS Master Groups 2024"]
[Site "Vasto"]
[Date "2024.04.11"]
[Round "5.13"]
[White "Ceres, Dragos"]
[Black "Lodici, Lorenzo"]
[Result "0-1"]
[ECO "C55"]
[WhiteElo "2486"]
[BlackElo "2565"]
[Annotator "TA"]
[PlyCount "78"]
[EventDate "2024.04.07"]
[EventType "team-tourn"]
[EventCountry "ITA"]
[SourceTitle "playchess.com"]
[Source "ChessBase"]
[SourceQuality "1"]
[TimeControl "40/5400+30:900+30"]

1. e4 e5 2. Nf3 Nc6 3. Bc4 Nf6 4. d3 h6 5. c3 g5 6. h3 Bg7 7. Nbd2 d5 8. Bb3 {[%emt 0:05:39] The position is equal.} Be6 9. Qe2 a5 10. Ba4 Nd7 11. Nf1 Nc5 12. exd5 (12. Bxc6+ $11 {remains equal.} bxc6 13. Ng3) 12... Qxd5 $17 13. Ne3 (13. Bxc6+ $17 Qxc6 (13... bxc6 14. d4 $17) 14. Be3) 13... Qxd3 14. Bb5 Qxe2+ 15. Kxe2 f5 16. Rd1 Rd8 17. b3 Rxd1 18. Nxd1 Kf7 19. Bxc6 bxc6 20. Ba3 Nd7 21. Nb2 Nb6 22. Bc5 Nd5 23. Na4 Rd8 24. Rc1 Nf4+ 25. Kf1 {[%emt 0:00:08] White is weak on the light squares} Bf6 26. Be3 Nd3 27. Rd1 f4 28. Ba7 Bf5 29. Nd2 e4 30. Nc4 Be6 31. Nd2 Nxf2 32. Kxf2 {[%emt 0:00:07] [#]} g4 $1 $36 {[%emt 0:00:37][%mdl 2048] Black has strong initiative.} 33. g3 $2 (33. Nb2 e3+ (33... gxh3 $2 34. gxh3 e3+ 35. Bxe3 $19) 34. Bxe3 fxe3+ 35. Kxe3) 33... e3+ $19 34. Ke2 gxh3 35. Bd4 Bxd4 36. cxd4 Rxd4 {[%emt 0:00:18] [#] ( -> ...Bg4+)} 37. Rf1 Rxd2+ {[%emt 0:00:10] Black mates.} 38. Kf3 Bd5+ 39. Kxf4 Rf2+ {[%emt 0:00:03] Black took control after the opening.   Weighted Error Value: White=0.82/Black=0.31.  Mistake:       	White=3     	---        Inaccurate:     	White=2     	Black=1      OK:         	White=7     	Black=16     Best:        	White=1     	---        Strong:       	---       	Black=1} 0-1

[Event "CIS Master Groups 2024"]
[Site "Vasto"]
[Date "2024.04.11"]
[Round "5.14"]
[White "Barp, Alberto"]
[Black "Lumachi, Gabriele"]
[Result "1/2-1/2"]
[ECO "D27"]
[WhiteElo "2470"]
[BlackElo "2413"]
[Annotator "TA"]
[PlyCount "69"]
[EventDate "2024.04.07"]
[EventType "team-tourn"]
[EventCountry "ITA"]
[SourceTitle "playchess.com"]
[Source "ChessBase"]
[SourceQuality "1"]
[TimeControl "40/5400+30:900+30"]

1. d4 d5 2. c4 dxc4 3. Nf3 Nf6 4. e3 e6 5. Bxc4 c5 6. O-O a6 7. b3 cxd4 8. Nxd4 Be7 9. Bb2 Bd7 10. Be2 O-O 11. Nd2 Nc6 {[%emt 0:00:21] White has an edge.} 12. N4f3 b5 13. Rc1 Rc8 14. a3 Qb6 15. Bd3 Rfd8 16. Ne4 Nxe4 17. Bxe4 Be8 18. Qe2 Qb8 19. Bb1 Bf6 20. Bxf6 gxf6 21. Qc2 f5 22. Qb2 Qd6 23. e4 fxe4 $1 24. Bxe4 f5 25. Bc2 Bh5 {[%emt 0:03:20] [#] White must now prevent ...Bxf3. The position is equal.} 26. Rcd1 Qe7 {[%emt 0:04:42] aiming for ...Bxf3.} 27. Rxd8+ Rxd8 28. Qc3 Bxf3 29. Qxf3 Nd4 30. Qg3+ Kh8 31. Bd1 {[%emt 0:00:59] Prevents Ne2+} Qxa3 32. Qe5+ Kg8 33. Qg3+ Kh8 34. Qe5+ Kg8 35. Qg3+ {[%emt 0:00:23] Weighted Error Value: White=0.05 (flawless) /Black=0.03 (flawless) .  Inaccurate:     	White=2     	Black=1      OK:         	White=11    	Black=12     Best:        	White=3     	Black=1      Strong:       	---       	Black=1} 1/2-1/2

[Event "CIS Master Groups 2024"]
[Site "Vasto"]
[Date "2024.04.11"]
[Round "5.15"]
[White "Bettalli, Francesco"]
[Black "Cappelletto, Joshuaede"]
[Result "1/2-1/2"]
[ECO "B82"]
[WhiteElo "2309"]
[BlackElo "2306"]
[Annotator "TA"]
[PlyCount "59"]
[EventDate "2024.04.07"]
[EventType "team-tourn"]
[EventCountry "ITA"]
[SourceTitle "playchess.com"]
[Source "ChessBase"]
[SourceQuality "1"]
[TimeControl "40/5400+30:900+30"]

1. e4 c5 2. Nf3 e6 3. d4 cxd4 4. Nxd4 Nc6 5. Nc3 Qc7 6. Be3 a6 7. a3 Nf6 8. f4 d6 9. Qf3 Be7 10. h3 O-O 11. Be2 Bd7 12. O-O e5 13. Nb3 exf4 14. Bxf4 Ne5 15. Qe3 Rfe8 16. Bg5 Bc6 17. Nd4 {[%emt 0:11:02] Black should prevent Bxf6.} Nxe4 18. Nxe4 Bxe4 19. Bxe7 Rxe7 20. Qxe4 {[%emt 0:11:42] Strongly threatening Nf5.} Nc6 {[%emt 0:00:12] [#]} 21. Rxf7 $1 Rxf7 (21... Kxf7 22. Qd5+ (22. Qxh7 Nxd4 23. Rf1+ Ke6 $11) 22... Kf8 23. Rf1+ Rf7 24. Ne6+ Kg8 25. Nxc7 Raf8 26. Rxf7 (26. Qxd6 b5 $18) 26... Rxf7 27. Qxd6 (27. Na8 Ne7 $18)) 22. Bc4 Nxd4 23. Bxf7+ Qxf7 (23... Kxf7 {feels hotter.} 24. Rf1+ Kg8 25. Qd5+ Kh8) 24. Qxd4 $14 {[%emt 0:00:04][%mdl 4096] Endgame. KQR-KQR} Qc7 25. c3 Qc5 {[%emt 0:00:56] The position is equal.} 26. Rd1 Re8 27. Qxc5 dxc5 28. Rd7 b5 29. Kf2 Re6 {[%emt 0:01:19] Repels Rd6} 30. Rc7 {[%emt 0:01:25] Weighted Error Value: White=0.07 (flawless) /Black=0.07 (flawless) .  Inaccurate:     	White=2     	---        OK:         	White=9     	Black=7      Best:        	---       	Black=1} 1/2-1/2

[Event "CIS Master Groups 2024"]
[Site "Vasto"]
[Date "2024.04.11"]
[Round "5.16"]
[White "Simonetto, Andrea"]
[Black "Pescatore, Lorenzo"]
[Result "1/2-1/2"]
[ECO "B30"]
[WhiteElo "2277"]
[BlackElo "2358"]
[Annotator "TA"]
[PlyCount "73"]
[EventDate "2024.04.07"]
[EventType "team-tourn"]
[EventCountry "ITA"]
[SourceTitle "playchess.com"]
[Source "ChessBase"]
[SourceQuality "1"]
[TimeControl "40/5400+30:900+30"]

1. e4 c5 2. Nf3 Nc6 3. Bb5 Nf6 4. Nc3 Qc7 5. O-O Nd4 6. Re1 a6 7. Bf1 d6 8. Nxd4 cxd4 9. Nd5 Nxd5 10. exd5 g6 11. c4 Bg7 12. d3 O-O 13. Bg5 e5 14. dxe6 fxe6 15. Be2 Bd7 16. Bg4 Rae8 17. b4 h5 18. Bh3 e5 19. Bxd7 Qxd7 20. Rc1 Qf5 21. Qd2 e4 22. dxe4 Rxe4 23. Rxe4 Qxe4 24. Bh6 Bxh6 25. Qxh6 $11 {[%emt 0:00:08][%mdl 4096] Endgame. KQR-KQR} Rc8 26. h3 d3 27. f3 Qe6 28. Qf4 b5 29. c5 dxc5 (29... Qxa2 $2 {is the wrong capture.} 30. Qxd6 (30. cxd6 $2 Rxc1+ 31. Qxc1 d2 $19) 30... Qf7 31. Rd1 $18 (31. Qxa6 Rd8 $16) (31. Qxd3 Qf6 $18)) 30. bxc5 Rd8 {[%emt 0:05:26][%cal Od3d2] [#] aiming for ...d2!} 31. Rd1 Rd5 32. Kh2 Kh7 33. c6 {[%emt 0:02:12] The position is equal.} Qxc6 34. Qf7+ Kh6 {[%emt 0:00:08] And now ...Qd6+ would win.} 35. Qf8+ Kh7 {[%emt 0:00:04] [#] Hoping for ...Qc7+.} 36. Qf7+ Kh6 {[%emt 0:00:09] ...Qd6+ is the strong threat.} 37. Qf8+ {[%emt 0:00:03] An interesting draw.   Weighted Error Value: White=0.03 (flawless) /Black=0.03 (flawless) .  Inaccurate:     	---       	Black=1      OK:         	White=15    	Black=12     Best:        	White=2     	Black=3} 1/2-1/2

[Event "CIS Master Groups 2024"]
[Site "Vasto"]
[Date "2024.04.11"]
[Round "5.17"]
[White "Stella, Andrea"]
[Black "Socko, Bartosz"]
[Result "1/2-1/2"]
[ECO "A50"]
[WhiteElo "2403"]
[BlackElo "2565"]
[Annotator "TA"]
[PlyCount "30"]
[EventDate "2024.04.07"]
[EventType "team-tourn"]
[EventCountry "ITA"]
[SourceTitle "playchess.com"]
[Source "ChessBase"]
[SourceQuality "1"]
[TimeControl "40/5400+30:900+30"]

1. d4 e6 2. c4 b6 3. a3 Bb7 4. Nc3 Nf6 5. d5 Bd6 6. Nf3 O-O {[%emt 0:00:25] The position is equal.} 7. g3 c6 8. Bg2 cxd5 9. cxd5 Nxd5 10. Nxd5 exd5 (10... Bxd5 $2 {is the wrong capture.} 11. e4 $18) 11. O-O Na6 12. Nh4 Nc7 13. Nf5 Be5 14. Ne3 Re8 15. Nxd5 Nxd5 {[%emt 0:01:42] Not much happened in this game.   Weighted Error Value: White=0.06 (flawless) /Black=0.02 (flawless) .  Inaccurate:     	White=1     	---        OK:         	White=5     	Black=4} 1/2-1/2

[Event "CIS Master Groups 2024"]
[Site "Vasto"]
[Date "2024.04.11"]
[Round "5.18"]
[White "Rombaldoni, Denis"]
[Black "Dardha, Daniel"]
[Result "0-1"]
[ECO "D00"]
[WhiteElo "2484"]
[BlackElo "2630"]
[Annotator "TA"]
[PlyCount "90"]
[EventDate "2024.04.07"]
[EventType "team-tourn"]
[EventCountry "ITA"]
[SourceTitle "playchess.com"]
[Source "ChessBase"]
[SourceQuality "1"]
[TimeControl "40/5400+30:900+30"]

1. d4 d5 2. Bg5 h6 3. Bh4 c5 4. e3 Nc6 5. Nc3 Nf6 6. Bxf6 gxf6 7. Qh5 cxd4 8. exd4 {[%emt 0:00:03] The position is equal.} e6 9. Bb5 a6 10. Bxc6+ bxc6 11. Nge2 Rb8 12. b3 f5 13. O-O Qg5 14. Qf3 Bd6 15. Na4 Rg8 16. h3 Kf8 (16... f6 $17 {And now ...Kf7 would win.} 17. g3 Bd7) 17. c4 a5 $40 {[%emt 0:03:32][%mdl 128] Black mounts an attack.} (17... Qh4 $15) 18. Rfc1 Ba6 {[%emt 0:11:15] Black has more active pieces.} 19. Rc2 Rb4 20. Rd1 {[%emt 0:04:31] [#]} (20. Nb2 $1 $11) 20... Bxc4 $1 $17 {[%emt 0:02:41][%mdl 512] Black converts the advantage convincingly.} 21. bxc4 Rxa4 22. c5 Bc7 23. Rb1 {[%emt 0:00:35] [#]} (23. Kf1 $17 {was necessary.}) 23... Ra3 $3 $19 24. Rc3 Rxa2 25. g3 Qd2 26. Re3 Kg7 27. Rb7 Qd1+ 28. Kh2 Rc8 29. Ra7 a4 30. Nc3 Qxf3 (30... Qxd4 31. Nxa2 Qxc5 32. Rxa4 $18) 31. Rxf3 Rd2 32. Nxa4 Rxd4 33. Rb3 Rb8 34. Nb6 Bd8 35. Re3 (35. Kg2 {might work better.}) 35... Rd2 (35... Bxb6 36. cxb6 Rxb6 37. Rxe6 $19) 36. Nd7 $2 (36. Rxe6 Rxf2+ (36... Bxb6 $2 37. cxb6 Rxf2+ 38. Kg1 $19) 37. Kg1 Bxb6 (37... Ra2 $2 38. Rxa2 fxe6 39. Ra7+ Kg6 40. Nd7 $19) 38. cxb6) 36... Rxf2+ 37. Kg1 Rbb2 38. Ne5 Rg2+ 39. Kh1 Rh2+ 40. Kg1 Rbg2+ ({Not} 40... Rxh3 41. Rxf7+ Kg8 42. Ra3 $11) 41. Kf1 Ra2 (41... Rc2 $142 42. Kg1 Rhg2+ (42... Rxh3 43. Rxf7+ Kg8 44. Ra3 $11) 43. Kh1 d4 (43... Rh2+ $2 44. Kg1 $19)) 42. Rxf7+ (42. Rxa2 $142 Rxa2 43. Nxc6) 42... Kg8 43. Kg1 {[%emt 0:00:00] Prevents Rh1+.} Rhb2 ({Weaker is} 43... Rxh3 44. Rb3 $15) 44. Re1 {[%emt 0:00:00] Wards off Ra1} Ba5 45. Rc1 Bd2 {[%emt 0:01:00] Weighted Error Value: White=0.49/Black=0.29 (precise) .  Mistake:       	White=4     	Black=2      Inaccurate:     	White=5     	Black=2      OK:         	White=10    	Black=17     Best:        	White=1     	Black=1} 0-1

[Event "CIS Master Groups 2024"]
[Site "Vasto"]
[Date "2024.04.11"]
[Round "5.19"]
[White "Basso, Pier Luigi"]
[Black "Garcia Palermo, Carlos Horacio"]
[Result "1-0"]
[ECO "E17"]
[WhiteElo "2507"]
[BlackElo "2407"]
[Annotator "TA"]
[PlyCount "115"]
[EventDate "2024.04.07"]
[EventType "team-tourn"]
[EventCountry "ITA"]
[SourceTitle "playchess.com"]
[Source "ChessBase"]
[SourceQuality "1"]
[TimeControl "40/5400+30:900+30"]

1. d4 Nf6 2. c4 e6 3. Nf3 b6 4. g3 Bb7 5. Bg2 Be7 6. Nc3 Ne4 7. Bd2 Nxd2 8. Qxd2 {[%emt 0:04:53] E17: Queen's Indian: 4 g3 Bb7 5 Bg2 Be7.} d5 9. cxd5 exd5 10. Ne5 O-O 11. O-O a5 $146 ({Predecessor:} 11... Na6 12. Rad1 c6 13. e4 Nc7 14. exd5 cxd5 15. Rfe1 Bb4 16. a3 Bxc3 17. Qxc3 Qd6 {1-0 Karpov,A (2617)-Huebner,R (2576) Leiden Noteboom 80th rapid 2020 (2)}) 12. Rac1 Na6 13. Rfd1 Bb4 (13... Kh8 $14) 14. a3 Bxc3 15. Qxc3 Qd6 16. e3 f6 17. Nc6 Rf7 18. Rc2 Nb8 19. Nxb8 Rxb8 20. Rdc1 Ra8 21. b4 g6 22. Qb3 Kg7 23. Rc3 Ra7 24. Qc2 ({Better is} 24. b5 $16) 24... axb4 25. axb4 (25. Rxc7 bxa3 (25... Rxa3 $2 26. Rxf7+ Kxf7 27. Qc7+ Qe7 28. Qxb6 $16) 26. Rxf7+ Kxf7 $17) 25... c6 26. Qb2 b5 27. Ra3 Bc8 28. Qa2 Rae7 (28... Rxa3 $11 {keeps the balance.} 29. Qxa3 f5) 29. Bxd5 $1 $16 cxd5 30. Rxc8 Qxb4 31. Raa8 Qd6 32. Rd8 Rd7 33. Rg8+ Kh6 34. Qe2 Qe6 35. Rge8 Qf5 36. Kg2 (36. Qxb5 Rb7 37. Qe2 Rfc7 $11) ({White should try} 36. g4 $1 $18 Qg5 37. h3 (37. Qxb5 $2 Qxg4+ 38. Kh1 Qf3+ 39. Kg1 Rb7 $19)) 36... b4 $2 (36... Ra7 $16) 37. g4 $1 $18 Qg5 38. h4 Qxh4 {[%emt 0:00:28] [#]} 39. Ra1 $1 Rb7 40. Rh1 Qxh1+ 41. Kxh1 b3 42. Qb2 Rfc7 43. Kg2 Rc2 44. Qa3 b2 45. Qf8+ Kg5 {[%emt 0:00:00] [#]} 46. Re6 $1 ({Don't blunder} 46. Kh3 $2 Rxf2 $19 (46... b1=B 47. f4#) (46... b1=B 47. f4#)) 46... Rxf2+ 47. Kxf2 f5 48. Qd8+ Kxg4 49. Rb6 $1 ({Stronger than} 49. Qxd5 b1=Q 50. Qf3+ Kh4 51. Qg3+ Kh5 52. Qh2+ (52. Qh3+ Kg5 $11) 52... Kg5 53. Qf4+ Kh5 54. Qh2+ Kg4 55. Qg2+ Kh4 56. Qg3+ Kh5 57. Qh2+ $11 (57. Qh3+ Kg5 $11)) 49... b1=Q 50. Rxb1 Rxb1 51. Qxd5 Rb2+ 52. Ke1 h5 53. Qe6 h4 54. Qxg6+ Kf3 55. Qxf5+ Kxe3 56. Qe5+ Kf3 57. d5 Rb1+ 58. Kd2 1-0